Senators vs Lightning

Created - 9 février 2018 at 23:49

Goals
1 2 3 T
Senators 1 0 1 2
Lightning 1 0 2 3
Shots
1 2 3 T
Senators 6 4 21 31
Lightning 12 13 9 34

1st period

1. Lightning , Andrej Sekera 9 (Trevor Daley 22, Jeff Carter 40) at 1:25 (PP)
2. Senators , Tyler Seguin 24 (Brayden Schenn 22, Niklas Hjalmarsson 26) at 10:54

Penalties :
Michael Stone (OTT) for Hooking (Minor) at 0:09, Jason Garrison (OTT) for Roughing (Minor) at 14:44, Jason Garrison (OTT) for Roughing (Minor) at 18:30

2nd period

No Goal

Penalties :
Derick Brassard (OTT) for Roughing (Minor) at 1:11, Drew Miller (OTT) for Roughing (Minor) at 7:05, Erik Gudbranson (TBL) for Tripping (Minor) at 10:53

3rd period

3. Senators , Brayden Schenn 22 (Tyler Seguin 30, Michael Stone 24) at 5:28
4. Lightning , Trevor Daley 11 (Tobias Rieder 27, Henrik Zetterberg 48) at 10:14
5. Lightning , Vernon Fiddler 2 (Teddy Purcell 13, Travis Zajac 16) at 19:27

Penalties :
Troy Brouwer (TBL) for Cross-checking (Minor) at 10:32, Jeff Carter (TBL) for Tripping (Minor) at 14:37

Goalie Stats

Tuukka Rask (OTT), 31 saves from 34 shots - (0.912), L, 33-15-4, 59:47 minutes
Jaroslav Halak (TBL), 29 saves from 31 shots - (0.935), W, 8-4-1, 60:00 minutes

Players Stats for Senators

Player Name              G  A  P  +/- PIM S  H  SB GA TA FO     MP     PP MP  PK MP  
------------------------------------------------------------------------------------
Anton Lander             0  0  0  -2  0   0  1  0  0  0  9/16   14:50   0:00   0:03 
Bobby Ryan               0  0  0   0  0   1  2  0  0  0  1/1    16:24   3:16   0:00 
Brayden Schenn           1  1  2   2  0   8  1  0  0  0  1/2    24:21   2:41   4:44 
Danny DeKeyser           0  0  0   0  0   1  0  3  0  0  0/0    20:48   2:25   4:41 
Derick Brassard          0  0  0   0  2   1  0  1  0  0  15/36  19:07   3:16   2:44 
Drew Miller              0  0  0  -2  2   0  1  0  0  0  0/0    14:46   0:00   0:00 
Jason Garrison           0  0  0  -1  4   0  2  0  0  0  0/0    13:40   0:00   0:00 
Jussi Jokinen            0  0  0  -2  0   1  0  0  0  0  2/3    14:47   0:00   0:00 
Kevin Bieksa             0  0  0   0  0   0  5  0  0  0  0/0    20:48   2:25   4:41 
Lauri Korpikoski         0  0  0   0  0   0  0  0  0  0  0/0     3:32   0:00   1:56 
Mark Stone               0  0  0   2  0   6  2  0  0  0  1/2    18:01   2:41   0:00 
Matt Puempel             0  0  0   0  0   0  0  0  0  0  0/0     0:00   0:00   0:00 
Michael Stone            0  1  1   2  2   0  4  3  0  0  0/0    20:59   3:32   4:01 
Mike Hoffman             0  0  0   0  0   8  1  1  0  0  0/0    20:19   3:16   3:55 
Niklas Hjalmarsson       0  1  1   1  0   1  0  1  0  0  0/0    24:57   3:32   3:58 
Robbie Russo             0  0  0  -1  0   0  0  0  0  0  0/0     4:32   0:00   0:00 
Tyler Seguin             1  1  2   2  0   4  0  1  0  0  20/39  24:39   2:41   5:02 
Zbynek Michalek          0  0  0  -1  0   0  1  1  0  0  0/0    14:13   0:00   1:03 

Players Stats for Lightning

Player Name              G  A  P  +/- PIM S  H  SB GA TA FO     MP     PP MP  PK MP  
------------------------------------------------------------------------------------
Andrej Sekera            1  0  1  -1  0   1  0  1  0  0  0/0    22:48   5:10   0:29 
Dennis Wideman           0  0  0   0  0   0  0  0  0  0  0/0    15:13   0:00   0:46 
Erik Gudbranson          0  0  0   0  2   0  3  1  0  0  0/0    17:47   0:07   2:02 
Henrik Sedin             0  0  0  -1  0   3  0  0  0  0  12/24  14:20   0:00   3:45 
Henrik Zetterberg        0  1  1   1  0   3  1  0  0  0  15/25  17:31   4:34   1:26 
Jeff Carter              0  1  1  -1  2   4  1  0  0  0  11/29  19:59   4:38   0:00 
Johnny Gaudreau          0  0  0  -1  0   6  0  0  0  0  0/0    20:00   4:38   0:00 
Kevin Klein              0  0  0   1  0   1  1  1  0  0  0/0    20:18   4:02   3:01 
Kyle Quincey             0  0  0  -1  0   0  1  0  0  0  0/0    23:12   3:55   2:40 
Matt Hendricks           0  0  0  -1  0   0  3  0  0  0  0/0    10:35   0:00   0:00 
Patric Hornqvist         0  0  0  -1  0   1  1  0  0  0  2/6    20:00   4:38   0:00 
Patrick Eaves            0  0  0   1  0   3  1  0  0  0  0/0    16:05   4:34   0:00 
Teddy Purcell            0  1  1   1  0   1  0  0  0  0  0/0     6:51   0:00   0:00 
Tobias Rieder            0  1  1   1  0   2  0  0  0  0  0/0    16:05   4:34   0:00 
Travis Zajac             0  1  1   1  0   2  2  0  0  0  8/9     9:45   0:00   2:22 
Trevor Daley             1  1  2   1  0   4  0  1  0  0  0/0    20:41   5:10   2:56 
Troy Brouwer             0  0  0  -1  2   1  0  0  0  0  1/3    13:22   0:00   2:16 
Vernon Fiddler           1  0  1   1  0   2  0  1  0  0  1/3     9:28   0:00   2:05 

3 Stars

1 - Brayden Schenn (OTT)
2 - Tyler Seguin (OTT)
3 - Trevor Daley (TBL)

Power Play

Senators - 0 on 3 Attempt(s) - 0.00%
Lightning - 1 on 5 Attempt(s) - 20.00%

Penalty Kill

Senators - 4 on 5 Attempt(s) - 80.00% - Score 0 goal in Penalty Kill
Lightning - 3 on 3 Attempt(s) - 100.00% - Score 0 goal in Penalty Kill

Team Stat

Senators - Hits : 20 - Faceoff Wins : 49 - Blocked Shots : 11 - Penalty Minutes : 10
Lightning - Hits : 14 - Faceoff Wins : 50 - Blocked Shots : 5 - Penalty Minutes : 6

Official

Referees : Greg Kimmerly and Jon Mclsaac
Linesman : Derek Amell and Kiel Murchison

Game Notes

No Game Note

Finance

Level 1 -- Attendance: 6058 (93.20%) -- Ticket Income 666 380 $
Level 2 -- Attendance: 3798 (75.96%) -- Ticket Income 360 810 $
Level 3 -- Attendance: 2346 (67.03%) -- Ticket Income 175 950 $
Level 4 -- Attendance: 1914 (59.74%) -- Ticket Income 86 130 $
Luxury Box -- Attendance: 543 (54.30%) -- Ticket Income 195 480 $
Game was played at the Amalie Arena.
Total Attendance: 14659 (76.33%)
Total Ticket Income: 1 484 750 $
Other Income: 222 712 $
Total Income: 1 707 462 $

% Time on Ice - Senators

Lines # - Real PCT - Wanted PCT - Time Play
Normal Forward
1 - 33% - 40% - 14:48
2 - 30% - 30% - 13:08
3 - 33% - 20% - 14:47
4 - 4% - 10% - 1:36
Normal Defense
1 - 29% - 40% - 12:55
2 - 31% - 30% - 13:42
3 - 30% - 20% - 13:10
4 - 10% - 10% - 4:32
PP Forward
1 - 45% - 60% - 2:41
2 - 55% - 40% - 3:16
PP Defense
1 - 59% - 60% - 3:32
2 - 41% - 40% - 2:25
PK Forward
1 - 57% - 60% - 5:17
2 - 43% - 40% - 3:55
PK Defense
1 - 49% - 60% - 4:31
2 - 51% - 40% - 4:41
PK3 Forward
1 - 0% - 60%
2 - 0% - 40%
PK3 Defense
1 - 0% - 60%
2 - 0% - 40%
44 Forward
1 - 0% - 60%
2 - 0% - 40%
44 Defense
1 - 0% - 60%
2 - 0% - 40%
Last Minute Offensive  - 0:32
Last Minute Defensive  - 0:00
Total
Forward - 60:00
Defense - 60:00

% Time on Ice - Lightning

Lines # - Real PCT - Wanted PCT - Time Play
Normal Forward
1 - 35% - 40% - 15:22
2 - 26% - 30% - 11:31
3 - 24% - 20% - 10:35
4 - 15% - 10% - 6:51
Normal Defense
1 - 37% - 40% - 16:37
2 - 26% - 30% - 11:20
3 - 33% - 20% - 14:27
4 - 4% - 10% - 1:55
PP Forward
1 - 50% - 60% - 4:38
2 - 50% - 40% - 4:34
PP Defense
1 - 56% - 60% - 5:10
2 - 44% - 40% - 4:02
PK Forward
1 - 83% - 60% - 4:55
2 - 17% - 40% - 1:02
PK Defense
1 - 45% - 60% - 2:40
2 - 55% - 40% - 3:17
PK3 Forward
1 - 0% - 60%
2 - 0% - 40%
PK3 Defense
1 - 0% - 60%
2 - 0% - 40%
44 Forward
1 - 0% - 60%
2 - 0% - 40%
44 Defense
1 - 0% - 60%
2 - 0% - 40%
Last Minute Offensive  - 0:00
Last Minute Defensive  - 0:32
Total
Forward - 60:00
Defense - 60:00

Play by Play

1st period


0:01 of 1st period - Tyler Seguin wins face-off versus Jeff Carter in neutral zone.
0:09 of 1st period - Minor Penalty to Michael Stone for Hooking.
0:10 of 1st period - Jeff Carter wins face-off versus Brayden Schenn in Senators zone.
0:21 of 1st period - Shot by Andrej Sekera.
0:21 of 1st period - Shot Misses the Net.
0:23 of 1st period - Shot by Trevor Daley.
0:23 of 1st period - Stopped by Tuukka Rask without a rebound.
0:24 of 1st period - Henrik Zetterberg wins face-off versus Derick Brassard in Senators zone.
0:31 of 1st period - Shot by Patrick Eaves.
0:31 of 1st period - Shot Misses the Net.
0:45 of 1st period - Shot by Tobias Rieder.
0:45 of 1st period - Shot Misses the Net.
0:47 of 1st period - Shot by Henrik Zetterberg.
0:47 of 1st period - Shot Misses the Net.
1:17 of 1st period - Shot by Andrej Sekera.
1:17 of 1st period - Shot Misses the Net.
1:19 of 1st period - Shot by Patric Hornqvist.
1:19 of 1st period - Deflect By Jeff Carter.
1:19 of 1st period - Shot Misses the Net.
1:21 of 1st period - Shot by Andrej Sekera.
1:21 of 1st period - Shot Misses the Net.
1:23 of 1st period - Shot by Trevor Daley.
1:23 of 1st period - Shot Blocked by Niklas Hjalmarsson.
1:25 of 1st period - Shot by Andrej Sekera.
1:25 of 1st period - Goal by Andrej Sekera - Senators : 0 - Lightning : 1.
1:26 of 1st period - Henrik Sedin wins face-off versus Anton Lander in neutral zone.
1:48 of 1st period - Off-side.
1:49 of 1st period - Jeff Carter wins face-off versus Tyler Seguin in neutral zone.
2:08 of 1st period - Icing by Jason Garrison.
2:09 of 1st period - Henrik Zetterberg wins face-off versus Tyler Seguin in Senators zone.
2:18 of 1st period - Shot by Henrik Zetterberg.
2:18 of 1st period - Stopped by Tuukka Rask without a rebound.
2:19 of 1st period - Jeff Carter wins face-off versus Derick Brassard in Senators zone.
2:47 of 1st period - Shot by Mike Hoffman.
2:47 of 1st period - Stopped by Jaroslav Halak without a rebound.
2:48 of 1st period - Mark Stone wins face-off versus Henrik Zetterberg in Lightning zone.
2:57 of 1st period - Shot by Brayden Schenn.
2:57 of 1st period - Stopped by Jaroslav Halak without a rebound.
2:58 of 1st period - Travis Zajac wins face-off versus Anton Lander in Lightning zone.
3:23 of 1st period - Shot by Teddy Purcell.
3:23 of 1st period - Shot Misses the Net.
3:47 of 1st period - Michael Stone is hit by Travis Zajac and loses puck.
4:27 of 1st period - Shot by Patrick Eaves.
4:27 of 1st period - Shot Blocked by Danny DeKeyser.
4:29 of 1st period - Shot by Henrik Zetterberg.
4:29 of 1st period - Stopped by Tuukka Rask without a rebound.
4:30 of 1st period - Derick Brassard wins face-off versus Jeff Carter in Senators zone.
4:53 of 1st period - Shot by Jeff Carter.
4:53 of 1st period - Stopped by Tuukka Rask without a rebound.
4:54 of 1st period - Henrik Sedin wins face-off versus Tyler Seguin in Senators zone.
4:54 of 1st period - Henrik Sedin is hit by Kevin Bieksa.
4:56 of 1st period - Shot by Troy Brouwer.
4:56 of 1st period - Stopped by Tuukka Rask without a rebound.
4:57 of 1st period - Tyler Seguin wins face-off versus Henrik Zetterberg in Senators zone.
5:27 of 1st period - Icing by Kevin Bieksa.
5:28 of 1st period - Tyler Seguin wins face-off versus Patric Hornqvist in Senators zone.
5:45 of 1st period - Shot by Brayden Schenn.
5:45 of 1st period - Stopped by Jaroslav Halak without a rebound.
5:46 of 1st period - Bobby Ryan wins face-off versus Henrik Sedin in Lightning zone.
6:16 of 1st period - Icing by Andrej Sekera.
6:17 of 1st period - Jussi Jokinen wins face-off versus Henrik Sedin in Lightning zone.
6:22 of 1st period - Shot by Drew Miller.
6:22 of 1st period - Shot Misses the Net.
7:22 of 1st period - Shot by Jeff Carter.
7:22 of 1st period - Stopped by Tuukka Rask without a rebound.
7:23 of 1st period - Henrik Zetterberg wins face-off versus Derick Brassard in Senators zone.
7:33 of 1st period - Off-side.
7:34 of 1st period - Travis Zajac wins face-off versus Tyler Seguin in neutral zone.
7:36 of 1st period - Trevor Daley is hit by Michael Stone and loses puck.
7:58 of 1st period - Shot by Travis Zajac.
7:58 of 1st period - Stopped by Tuukka Rask without a rebound.
7:59 of 1st period - Patric Hornqvist wins face-off versus Derick Brassard in Senators zone.
8:00 of 1st period - Shot by Jeff Carter.
8:00 of 1st period - Stopped by Tuukka Rask without a rebound.
8:01 of 1st period - Jeff Carter wins face-off versus Derick Brassard in Senators zone.
9:12 of 1st period - Icing by Patrick Eaves.
9:13 of 1st period - Henrik Zetterberg wins face-off versus Jussi Jokinen in Lightning zone.
9:34 of 1st period - Shot by Tobias Rieder.
9:34 of 1st period - Shot Blocked by Zbynek Michalek.
9:49 of 1st period - Icing by Drew Miller.
9:50 of 1st period - Anton Lander wins face-off versus Troy Brouwer in Senators zone.
10:13 of 1st period - Zbynek Michalek is hit by Matt Hendricks and loses puck.
10:33 of 1st period - Tyler Seguin is hit by Kyle Quincey and loses puck.
10:46 of 1st period - Shot by Tyler Seguin.
10:46 of 1st period - Shot Blocked by Andrej Sekera.
10:54 of 1st period - Shot by Tyler Seguin.
10:54 of 1st period - Goal by Tyler Seguin - Senators : 1 - Lightning : 1.
10:55 of 1st period - Derick Brassard wins face-off versus Jeff Carter in neutral zone.
11:16 of 1st period - Shot by Jeff Carter.
11:16 of 1st period - Shot Misses the Net.
11:18 of 1st period - Shot by Patric Hornqvist.
11:18 of 1st period - Shot Blocked by Derick Brassard.
11:52 of 1st period - Henrik Zetterberg is hit by Kevin Bieksa and loses puck.
12:36 of 1st period - Shot by Travis Zajac.
12:36 of 1st period - Shot Misses the Net.
12:38 of 1st period - Shot by Travis Zajac.
12:38 of 1st period - Stopped by Tuukka Rask without a rebound.
12:39 of 1st period - Jeff Carter wins face-off versus Anton Lander in Senators zone.
13:06 of 1st period - Shot by Patric Hornqvist.
13:06 of 1st period - Stopped by Tuukka Rask without a rebound.
13:07 of 1st period - Travis Zajac wins face-off versus Tyler Seguin in Senators zone.
13:13 of 1st period - Icing by Niklas Hjalmarsson.
13:14 of 1st period - Tyler Seguin wins face-off versus Henrik Zetterberg in Senators zone.
13:14 of 1st period - Tyler Seguin is hit by Henrik Zetterberg.
13:25 of 1st period - Henrik Zetterberg is hit by Brayden Schenn and loses puck.
14:31 of 1st period - Shot by Mike Hoffman.
14:31 of 1st period - Stopped by Jaroslav Halak without a rebound.
14:32 of 1st period - Anton Lander wins face-off versus Jeff Carter in Lightning zone.
14:36 of 1st period - Anton Lander is hit by Kevin Klein and loses puck.
14:44 of 1st period - Minor Penalty to Jason Garrison for Roughing.
14:45 of 1st period - Henrik Zetterberg wins face-off versus Tyler Seguin in Senators zone.
14:48 of 1st period - Shot by Patrick Eaves.
14:48 of 1st period - Shot Blocked by Michael Stone.
14:50 of 1st period - Shot by Trevor Daley.
14:50 of 1st period - Shot Blocked by Michael Stone.
15:04 of 1st period - Shot by Patrick Eaves.
15:04 of 1st period - Shot Misses the Net.
16:46 of 1st period - Shot by Jussi Jokinen.
16:46 of 1st period - Stopped by Jaroslav Halak with a rebound.
17:20 of 1st period - Icing by Erik Gudbranson.
17:21 of 1st period - Henrik Sedin wins face-off versus Derick Brassard in Lightning zone.
17:21 of 1st period - Henrik Sedin is hit by Mike Hoffman.
17:28 of 1st period - Dennis Wideman is hit by Kevin Bieksa and loses puck.
17:40 of 1st period - Icing by Kevin Bieksa.
17:41 of 1st period - Derick Brassard wins face-off versus Jeff Carter in Senators zone.
17:41 of 1st period - Derick Brassard is hit by Patric Hornqvist.
18:30 of 1st period - Minor Penalty to Jason Garrison for Roughing.
18:31 of 1st period - Tyler Seguin wins face-off versus Henrik Zetterberg in Senators zone.
18:39 of 1st period - Icing by Tobias Rieder.
18:40 of 1st period - Henrik Zetterberg wins face-off versus Tyler Seguin in Lightning zone.
19:43 of 1st period - Shot by Trevor Daley.
19:43 of 1st period - Stopped by Tuukka Rask without a rebound.
19:44 of 1st period - Jeff Carter wins face-off versus Derick Brassard in Senators zone.
19:47 of 1st period - Shot by Johnny Gaudreau.
19:47 of 1st period - Shot Misses the Net.
Goals for this period are 1 for Senators vs 1 for Lightning.
Shots for this period are 6 for Senators vs 12 for Lightning.

2nd period


0:01 of 2nd period - Tyler Seguin wins face-off versus Patric Hornqvist in neutral zone.
0:04 of 2nd period - Shot by Niklas Hjalmarsson.
0:04 of 2nd period - Stopped by Jaroslav Halak without a rebound.
0:05 of 2nd period - Tyler Seguin wins face-off versus Jeff Carter in Lightning zone.
0:22 of 2nd period - Shot by Jeff Carter.
0:22 of 2nd period - Shot Misses the Net.
0:24 of 2nd period - Shot by Johnny Gaudreau.
0:24 of 2nd period - Stopped by Tuukka Rask without a rebound.
0:25 of 2nd period - Henrik Zetterberg wins face-off versus Tyler Seguin in Senators zone.
0:26 of 2nd period - Shot by Patrick Eaves.
0:26 of 2nd period - Shot Misses the Net.
0:29 of 2nd period - Tobias Rieder is hit by Michael Stone and loses puck.
0:50 of 2nd period - Shot by Travis Zajac.
0:50 of 2nd period - Shot Misses the Net.
1:11 of 2nd period - Minor Penalty to Derick Brassard for Roughing.
1:12 of 2nd period - Jeff Carter wins face-off versus Tyler Seguin in Senators zone.
3:36 of 2nd period - Icing by Travis Zajac.
3:37 of 2nd period - Travis Zajac wins face-off versus Tyler Seguin in Lightning zone.
3:47 of 2nd period - Shot by Teddy Purcell.
3:47 of 2nd period - Stopped by Tuukka Rask without a rebound.
3:48 of 2nd period - Brayden Schenn wins face-off versus Henrik Zetterberg in Senators zone.
4:21 of 2nd period - Shot by Henrik Zetterberg.
4:21 of 2nd period - Deflect By Patrick Eaves.
4:21 of 2nd period - Stopped by Tuukka Rask without a rebound.
4:22 of 2nd period - Anton Lander wins face-off versus Henrik Sedin in Senators zone.
4:22 of 2nd period - Jason Garrison is hit by Matt Hendricks and loses puck.
4:39 of 2nd period - Shot by Henrik Sedin.
4:39 of 2nd period - Shot Misses the Net.
4:42 of 2nd period - Icing by Zbynek Michalek.
4:43 of 2nd period - Anton Lander wins face-off versus Jeff Carter in Senators zone.
4:53 of 2nd period - Icing by Drew Miller.
4:54 of 2nd period - Anton Lander wins face-off versus Henrik Zetterberg in Senators zone.
5:04 of 2nd period - Icing by Erik Gudbranson.
5:05 of 2nd period - Tyler Seguin wins face-off versus Henrik Zetterberg in Lightning zone.
5:08 of 2nd period - Shot by Brayden Schenn.
5:08 of 2nd period - Stopped by Jaroslav Halak without a rebound.
5:09 of 2nd period - Tyler Seguin wins face-off versus Jeff Carter in Lightning zone.
5:23 of 2nd period - Patric Hornqvist is hit by Michael Stone and loses puck.
5:42 of 2nd period - Shot by Johnny Gaudreau.
5:42 of 2nd period - Shot Misses the Net.
5:44 of 2nd period - Shot by Kevin Klein.
5:44 of 2nd period - Shot Blocked by Michael Stone.
6:03 of 2nd period - Icing by Tobias Rieder.
6:04 of 2nd period - Henrik Zetterberg wins face-off versus Derick Brassard in Lightning zone.
6:12 of 2nd period - Icing by Andrej Sekera.
6:13 of 2nd period - Derick Brassard wins face-off versus Henrik Zetterberg in Lightning zone.
6:36 of 2nd period - Shot by Patrick Eaves.
6:36 of 2nd period - Shot Blocked by Mike Hoffman.
6:38 of 2nd period - Shot by Patrick Eaves.
6:38 of 2nd period - Stopped by Tuukka Rask without a rebound.
6:39 of 2nd period - Anton Lander wins face-off versus Jeff Carter in Senators zone.
7:05 of 2nd period - Minor Penalty to Drew Miller for Roughing.
7:06 of 2nd period - Henrik Zetterberg wins face-off versus Tyler Seguin in Senators zone.
7:52 of 2nd period - Shot by Patric Hornqvist.
7:52 of 2nd period - Deflect By Jeff Carter.
7:52 of 2nd period - Shot Misses the Net.
7:54 of 2nd period - Shot by Kevin Klein.
7:54 of 2nd period - Stopped by Tuukka Rask without a rebound.
7:55 of 2nd period - Derick Brassard wins face-off versus Jeff Carter in Senators zone.
8:01 of 2nd period - Icing by Johnny Gaudreau.
8:02 of 2nd period - Tyler Seguin wins face-off versus Jeff Carter in Lightning zone.
9:11 of 2nd period - Matt Hendricks is hit by Jason Garrison and loses puck.
9:14 of 2nd period - Shot by Matt Hendricks.
9:14 of 2nd period - Deflect By Henrik Sedin.
9:14 of 2nd period - Stopped by Tuukka Rask without a rebound.
9:15 of 2nd period - Travis Zajac wins face-off versus Anton Lander in Senators zone.
9:44 of 2nd period - Shot by Vernon Fiddler.
9:44 of 2nd period - Stopped by Tuukka Rask without a rebound.
9:45 of 2nd period - Troy Brouwer wins face-off versus Tyler Seguin in Senators zone.
10:22 of 2nd period - Shot by Henrik Sedin.
10:22 of 2nd period - Stopped by Tuukka Rask with a rebound.
10:37 of 2nd period - Shot by Patric Hornqvist.
10:37 of 2nd period - Deflect By Jeff Carter.
10:37 of 2nd period - Shot Misses the Net.
10:45 of 2nd period - Shot by Johnny Gaudreau.
10:45 of 2nd period - Deflect By Jeff Carter.
10:45 of 2nd period - Stopped by Tuukka Rask without a rebound.
10:46 of 2nd period - Derick Brassard wins face-off versus Henrik Zetterberg in Senators zone.
10:46 of 2nd period - Derick Brassard is hit by Patrick Eaves.
10:53 of 2nd period - Minor Penalty to Erik Gudbranson for Tripping.
10:54 of 2nd period - Derick Brassard wins face-off versus Henrik Sedin in Lightning zone.
11:07 of 2nd period - Shot by Mike Hoffman.
11:07 of 2nd period - Stopped by Jaroslav Halak without a rebound.
11:08 of 2nd period - Derick Brassard wins face-off versus Troy Brouwer in Lightning zone.
13:23 of 2nd period - Shot by Patric Hornqvist.
13:23 of 2nd period - Deflect By Johnny Gaudreau.
13:23 of 2nd period - Stopped by Tuukka Rask without a rebound.
13:24 of 2nd period - Henrik Zetterberg wins face-off versus Tyler Seguin in Senators zone.
13:39 of 2nd period - Shot by Henrik Zetterberg.
13:39 of 2nd period - Shot Misses the Net.
14:13 of 2nd period - Robbie Russo is hit by Travis Zajac and loses puck.
14:36 of 2nd period - Shot by Teddy Purcell.
14:36 of 2nd period - Shot Misses the Net.
14:56 of 2nd period - Shot by Johnny Gaudreau.
14:56 of 2nd period - Stopped by Tuukka Rask without a rebound.
14:57 of 2nd period - Derick Brassard wins face-off versus Henrik Sedin in Senators zone.
15:03 of 2nd period - Icing by Bobby Ryan.
15:04 of 2nd period - Jeff Carter wins face-off versus Derick Brassard in Senators zone.
15:46 of 2nd period - Icing by Dennis Wideman.
15:47 of 2nd period - Patric Hornqvist wins face-off versus Tyler Seguin in Lightning zone.
16:02 of 2nd period - Andrej Sekera is hit by Mark Stone and loses puck.
16:09 of 2nd period - Shot by Mark Stone.
16:09 of 2nd period - Stopped by Jaroslav Halak without a rebound.
16:10 of 2nd period - Henrik Sedin wins face-off versus Tyler Seguin in Lightning zone.
16:12 of 2nd period - Icing by Troy Brouwer.
16:13 of 2nd period - Henrik Sedin wins face-off versus Derick Brassard in Lightning zone.
16:19 of 2nd period - Shot by Kevin Klein.
16:19 of 2nd period - Shot Misses the Net.
17:41 of 2nd period - Shot by Patrick Eaves.
17:41 of 2nd period - Shot Blocked by Danny DeKeyser.
18:14 of 2nd period - Icing by Dennis Wideman.
18:15 of 2nd period - Anton Lander wins face-off versus Jeff Carter in Lightning zone.
19:07 of 2nd period - Vernon Fiddler is hit by Zbynek Michalek and loses puck.
19:24 of 2nd period - Shot by Patrick Eaves.
19:24 of 2nd period - Stopped by Tuukka Rask without a rebound.
19:25 of 2nd period - Tyler Seguin wins face-off versus Henrik Sedin in Senators zone.
19:38 of 2nd period - Shot by Troy Brouwer.
19:38 of 2nd period - Shot Blocked by Tyler Seguin.
19:40 of 2nd period - Shot by Andrej Sekera.
19:40 of 2nd period - Shot Misses the Net.
19:46 of 2nd period - Shot by Henrik Sedin.
19:46 of 2nd period - Stopped by Tuukka Rask with a rebound.
Goals for this period are 0 for Senators vs 0 for Lightning.
Shots for this period are 4 for Senators vs 13 for Lightning.

3rd period


0:01 of 3rd period - Tyler Seguin wins face-off versus Jeff Carter in neutral zone.
0:08 of 3rd period - Shot by Tyler Seguin.
0:08 of 3rd period - Stopped by Jaroslav Halak with a rebound.
0:10 of 3rd period - Shot by Brayden Schenn.
0:10 of 3rd period - Stopped by Jaroslav Halak without a rebound.
0:11 of 3rd period - Henrik Zetterberg wins face-off versus Derick Brassard in Lightning zone.
0:27 of 3rd period - Icing by Mike Hoffman.
0:28 of 3rd period - Derick Brassard wins face-off versus Patric Hornqvist in Senators zone.
0:28 of 3rd period - Derick Brassard is hit by Jeff Carter.
0:35 of 3rd period - Off-side.
0:36 of 3rd period - Jeff Carter wins face-off versus Tyler Seguin in neutral zone.
0:38 of 3rd period - Off-side.
0:39 of 3rd period - Tyler Seguin wins face-off versus Jeff Carter in neutral zone.
1:16 of 3rd period - Shot by Brayden Schenn.
1:16 of 3rd period - Stopped by Jaroslav Halak with a rebound.
1:19 of 3rd period - Icing by Kyle Quincey.
1:20 of 3rd period - Jeff Carter wins face-off versus Derick Brassard in Lightning zone.
1:24 of 3rd period - Off-side.
1:25 of 3rd period - Henrik Zetterberg wins face-off versus Derick Brassard in neutral zone.
1:33 of 3rd period - Patrick Eaves is hit by Kevin Bieksa and loses puck.
1:40 of 3rd period - Shot by Tobias Rieder.
1:40 of 3rd period - Stopped by Tuukka Rask without a rebound.
1:41 of 3rd period - Henrik Sedin wins face-off versus Anton Lander in Senators zone.
1:57 of 3rd period - Drew Miller is hit by Erik Gudbranson and loses puck.
2:21 of 3rd period - Icing by Erik Gudbranson.
2:22 of 3rd period - Tyler Seguin wins face-off versus Henrik Sedin in Lightning zone.
2:37 of 3rd period - Shot by Brayden Schenn.
2:37 of 3rd period - Shot Blocked by Erik Gudbranson.
2:43 of 3rd period - Niklas Hjalmarsson is hit by Matt Hendricks and loses puck.
3:17 of 3rd period - Shot by Patric Hornqvist.
3:17 of 3rd period - Shot Misses the Net.
3:19 of 3rd period - Shot by Johnny Gaudreau.
3:19 of 3rd period - Stopped by Tuukka Rask without a rebound.
3:20 of 3rd period - Henrik Zetterberg wins face-off versus Derick Brassard in Senators zone.
3:21 of 3rd period - Shot by Tobias Rieder.
3:21 of 3rd period - Shot Misses the Net.
3:29 of 3rd period - Shot by Patrick Eaves.
3:29 of 3rd period - Shot Blocked by Danny DeKeyser.
4:17 of 3rd period - Shot by Drew Miller.
4:17 of 3rd period - Shot Misses the Net.
4:36 of 3rd period - Tobias Rieder is hit by Drew Miller.
4:50 of 3rd period - Shot by Johnny Gaudreau.
4:50 of 3rd period - Stopped by Tuukka Rask without a rebound.
4:51 of 3rd period - Tyler Seguin wins face-off versus Patric Hornqvist in Senators zone.
5:00 of 3rd period - Shot by Tyler Seguin.
5:00 of 3rd period - Deflect By Brayden Schenn.
5:00 of 3rd period - Shot Misses the Net.
5:14 of 3rd period - Shot by Brayden Schenn.
5:14 of 3rd period - Stopped by Jaroslav Halak with a rebound.
5:28 of 3rd period - Shot by Brayden Schenn.
5:28 of 3rd period - Goal by Brayden Schenn - Senators : 2 - Lightning : 1.
5:29 of 3rd period - Derick Brassard wins face-off versus Henrik Sedin in neutral zone.
5:40 of 3rd period - Shot by Bobby Ryan.
5:40 of 3rd period - Stopped by Jaroslav Halak without a rebound.
5:41 of 3rd period - Travis Zajac wins face-off versus Derick Brassard in Lightning zone.
5:41 of 3rd period - Vernon Fiddler is hit by Bobby Ryan and loses puck.
5:52 of 3rd period - Icing by Mike Hoffman.
5:53 of 3rd period - Henrik Sedin wins face-off versus Derick Brassard in Senators zone.
5:55 of 3rd period - Matt Hendricks is hit by Kevin Bieksa and loses puck.
6:08 of 3rd period - Shot by Mike Hoffman.
6:08 of 3rd period - Stopped by Jaroslav Halak with a rebound.
6:40 of 3rd period - Icing by Matt Hendricks.
6:41 of 3rd period - Henrik Sedin wins face-off versus Anton Lander in Lightning zone.
7:50 of 3rd period - Icing by Trevor Daley.
7:51 of 3rd period - Tyler Seguin wins face-off versus Jeff Carter in Lightning zone.
8:22 of 3rd period - Shot by Tobias Rieder.
8:22 of 3rd period - Stopped by Tuukka Rask without a rebound.
8:23 of 3rd period - Travis Zajac wins face-off versus Derick Brassard in Senators zone.
8:30 of 3rd period - Shot by Vernon Fiddler.
8:30 of 3rd period - Shot Misses the Net.
8:38 of 3rd period - Shot by Travis Zajac.
8:38 of 3rd period - Shot Misses the Net.
8:46 of 3rd period - Shot by Mike Hoffman.
8:46 of 3rd period - Stopped by Jaroslav Halak with a rebound.
8:49 of 3rd period - Icing by Travis Zajac.
8:50 of 3rd period - Tyler Seguin wins face-off versus Travis Zajac in Lightning zone.
9:07 of 3rd period - Shot by Mark Stone.
9:07 of 3rd period - Stopped by Jaroslav Halak with a rebound.
9:27 of 3rd period - Shot by Mark Stone.
9:27 of 3rd period - Stopped by Jaroslav Halak without a rebound.
9:28 of 3rd period - Derick Brassard wins face-off versus Jeff Carter in Lightning zone.
9:56 of 3rd period - Off-side.
9:57 of 3rd period - Anton Lander wins face-off versus Henrik Zetterberg in neutral zone.
10:10 of 3rd period - Shot by Tobias Rieder.
10:10 of 3rd period - Shot Misses the Net.
10:12 of 3rd period - Shot by Trevor Daley.
10:12 of 3rd period - Stopped by Tuukka Rask with a rebound.
10:14 of 3rd period - Shot by Trevor Daley.
10:14 of 3rd period - Goal by Trevor Daley - Senators : 2 - Lightning : 2.
10:15 of 3rd period - Henrik Sedin wins face-off versus Tyler Seguin in neutral zone.
10:17 of 3rd period - Kyle Quincey is hit by Michael Stone and loses puck.
10:32 of 3rd period - Minor Penalty to Troy Brouwer for Cross-checking.
10:33 of 3rd period - Henrik Sedin wins face-off versus Derick Brassard in Lightning zone.
10:41 of 3rd period - Icing by Derick Brassard.
10:42 of 3rd period - Henrik Sedin wins face-off versus Derick Brassard in Senators zone.
11:09 of 3rd period - Kevin Bieksa is hit by Erik Gudbranson and loses puck.
11:44 of 3rd period - Shot by Tyler Seguin.
11:44 of 3rd period - Stopped by Jaroslav Halak without a rebound.
11:45 of 3rd period - Vernon Fiddler wins face-off versus Tyler Seguin in Lightning zone.
11:45 of 3rd period - Vernon Fiddler is hit by Mark Stone.
12:05 of 3rd period - Shot by Tyler Seguin.
12:05 of 3rd period - Shot Blocked by Trevor Daley.
12:07 of 3rd period - Shot by Niklas Hjalmarsson.
12:07 of 3rd period - Shot Misses the Net.
12:29 of 3rd period - Shot by Mike Hoffman.
12:29 of 3rd period - Stopped by Jaroslav Halak with a rebound.
12:31 of 3rd period - Shot by Kevin Bieksa.
12:31 of 3rd period - Deflect By Derick Brassard.
12:31 of 3rd period - Shot Blocked by Vernon Fiddler.
12:52 of 3rd period - Patric Hornqvist is hit by Jason Garrison and loses puck.
12:59 of 3rd period - Shot by Johnny Gaudreau.
12:59 of 3rd period - Stopped by Tuukka Rask without a rebound.
13:00 of 3rd period - Henrik Sedin wins face-off versus Derick Brassard in Senators zone.
13:13 of 3rd period - Shot by Mike Hoffman.
13:13 of 3rd period - Deflect By Derick Brassard.
13:13 of 3rd period - Stopped by Jaroslav Halak without a rebound.
13:14 of 3rd period - Henrik Zetterberg wins face-off versus Mark Stone in Lightning zone.
13:31 of 3rd period - Icing by Robbie Russo.
13:32 of 3rd period - Tyler Seguin wins face-off versus Jeff Carter in Senators zone.
13:42 of 3rd period - Shot by Mark Stone.
13:42 of 3rd period - Stopped by Jaroslav Halak with a rebound.
13:44 of 3rd period - Shot by Brayden Schenn.
13:44 of 3rd period - Deflect By Tyler Seguin.
13:44 of 3rd period - Shot Misses the Net.
13:49 of 3rd period - Icing by Erik Gudbranson.
13:50 of 3rd period - Derick Brassard wins face-off versus Jeff Carter in Lightning zone.
13:51 of 3rd period - Shot by Mike Hoffman.
13:51 of 3rd period - Stopped by Jaroslav Halak without a rebound.
13:52 of 3rd period - Henrik Zetterberg wins face-off versus Derick Brassard in Lightning zone.
13:52 of 3rd period - Henrik Zetterberg is hit by Bobby Ryan.
14:16 of 3rd period - Shot by Tobias Rieder.
14:16 of 3rd period - Shot Misses the Net.
14:37 of 3rd period - Minor Penalty to Jeff Carter for Tripping.
14:38 of 3rd period - Tyler Seguin wins face-off versus Henrik Sedin in Lightning zone.
14:43 of 3rd period - Shot by Tyler Seguin.
14:43 of 3rd period - Stopped by Jaroslav Halak with a rebound.
15:07 of 3rd period - Shot by Brayden Schenn.
15:07 of 3rd period - Stopped by Jaroslav Halak without a rebound.
15:08 of 3rd period - Derick Brassard wins face-off versus Henrik Sedin in Lightning zone.
15:55 of 3rd period - Shot by Mark Stone.
15:55 of 3rd period - Stopped by Jaroslav Halak without a rebound.
15:56 of 3rd period - Tyler Seguin wins face-off versus Vernon Fiddler in Lightning zone.
16:25 of 3rd period - Shot by Mark Stone.
16:25 of 3rd period - Stopped by Jaroslav Halak without a rebound.
16:26 of 3rd period - Derick Brassard wins face-off versus Henrik Sedin in Lightning zone.
16:31 of 3rd period - Shot by Bobby Ryan.
16:31 of 3rd period - Shot Blocked by Kevin Klein.
16:33 of 3rd period - Shot by Danny DeKeyser.
16:33 of 3rd period - Stopped by Jaroslav Halak with a rebound.
16:42 of 3rd period - Jussi Jokinen is hit by Erik Gudbranson and loses puck.
16:46 of 3rd period - Icing by Dennis Wideman.
16:47 of 3rd period - Jeff Carter wins face-off versus Anton Lander in Lightning zone.
16:58 of 3rd period - Jeff Carter is hit by Anton Lander.
18:23 of 3rd period - Shot by Henrik Zetterberg.
18:23 of 3rd period - Stopped by Tuukka Rask with a rebound.
18:41 of 3rd period - Shot by Mike Hoffman.
18:41 of 3rd period - Stopped by Jaroslav Halak without a rebound.
18:42 of 3rd period - Jussi Jokinen wins face-off versus Henrik Sedin in Lightning zone.
18:45 of 3rd period - Shot by Jussi Jokinen.
18:45 of 3rd period - Shot Misses the Net.
18:56 of 3rd period - Icing by Niklas Hjalmarsson.
18:57 of 3rd period - Anton Lander wins face-off versus Vernon Fiddler in Senators zone.
19:27 of 3rd period - Shot by Teddy Purcell.
19:27 of 3rd period - Deflect By Vernon Fiddler.
19:27 of 3rd period - Goal by Vernon Fiddler - Senators : 2 - Lightning : 3.
19:28 of 3rd period - Travis Zajac wins face-off versus Tyler Seguin in neutral zone.
19:47 of 3rd period - Senators, Tuukka Rask is pulled from the net.
19:57 of 3rd period - Shot by Brayden Schenn.
19:57 of 3rd period - Shot Misses the Net.
Goals for this period are 1 for Senators vs 2 for Lightning.
Shots for this period are 21 for Senators vs 9 for Lightning.